Cogmind - Beta 17 @@@ ROGUE MODE // 2026.07.09 @ 16:48:52 Player: kareds Result: Destroyed by S-10 Pest with Light Assault Rifle Performance ------------- Evolutions (1) 500 Regions Visited (3) 600 Robots Destroyed (24) 120 Value Destroyed (599) 599 Prototype IDs (1) 20 Alien Tech Used (0) 0 Bonus (7050) 7050 TOTAL SCORE: 8889 Bonus ------- Prayed to X0-1V1 5000 Major X0-1V1 Interference 2050 Cogmind --------- Core Integrity 0/300 Matter 0/150 Energy 70/100 System Corruption 12% Temperature Warm (116) Movement Flying (40) Location -9/Mines Parts ------- > --- POWER (1) -------- (None) > --- PROPULSION (3) --- Xenon Bombardment Thruster > --- UTILITY (3) ------ Coolant Injector Signal Interpreter X0-1V1's Piety Tracker > --- WEAPON (2) ------- Arc Projector > --- INVENTORY (5) ---- Light Ion Engine Medium Storage Unit Signal Interpreter ECM Suite Flak Gun Peak State ------------ > --- POWER ------------ (None) > --- PROPULSION ------- Xenon Bombardment Thruster > --- UTILITY ---------- Coolant Injector Signal Interpreter X0-1V1's Piety Tracker > --- WEAPON ----------- Flak Gun > --- INVENTORY -------- Light Ion Engine Medium Storage Unit Signal Interpreter ECM Suite [Rating: 26] Favorites ----------- Power Ion Engine Engine Ion Engine Propulsion Light Treads Treads Light Treads Leg Aluminum Leg Hover Unit Hover Unit Flight Unit Xenon Bombardment Thruster Utility X0-1V1's Piety Tracker Device X0-1V1's Piety Tracker Storage Small Storage Unit Processor Signal Interpreter Weapon Medium Laser Energy Gun Medium Laser Ballistic Gun Flak Gun Launcher Mini Grenade Launcher Impact Weapon Mace Build | -11 -10 -9 -9 ------- Run | Yrd Mat Mat Min Slots Evolved 2 | . . 2 . Power . | . . . . Propulsion 1 | . . 1 . Utility 1 | . . 1 . Weapon . | . . . . Parts Attached 27 | 6 3 13 5 Power 3 | 1 . 2 . Engine 3 | 1 . 2 . Core . | . . . . Reactor . | . . . . Propulsion 10 | 1 1 6 2 Treads 6 | 1 1 3 1 Leg 2 | . . 2 . Wheel . | . . . . Hover 1 | . . 1 . Flight 1 | . . . 1 Utility 7 | 2 2 2 1 Device 3 | 1 1 . 1 Storage 3 | 1 1 1 . Processor 1 | . . 1 . Hackware . | . . . . Protection . | . . . . Artifact . | . . . . Weapon 7 | 2 . 3 2 Energy Gun 3 | 2 . . 1 Energy Cannon . | . . . . Ballistic Gun 1 | . . . 1 Ballistic Cannon . | . . . . Launcher 2 | . . 2 . Special Weapon . | . . . . Impact Weapon 1 | . . 1 . Slashing Weapon . | . . . . Piercing Weapon . | . . . . Special Melee Weapon . | . . . . Unidentified Prototypes 1 | . 1 . . Corrupted Parts 2 | . . 2 . System Corruption 12 | . . 12 . Parts Lost 13 | . 1 8 4 Power 1 | . . 1 . Propulsion 9 | . . 5 4 Utility 1 | . 1 . . Weapon 2 | . . 2 . Highest Loss Streak 7 | . 1 7 4 To Critical Strikes . | . . . . Average Backups 5 | 2 7 6 3 Power . | . 1 . 1 Propulsion 1 | 2 2 1 . Utility 2 | . 2 3 2 Weapon . | . . . . Tool/Special . | . . . . Unused Backups 2 | . . . 2 Power . | . . . . Propulsion . | . . . . Utility 2 | . . . 2 Weapon . | . . . . Tool/Special . | . . . . Average Slot Usage (%) 91 | . 95 89 88 Engine 11 | . 14 10 8 Treads 20 | . 25 20 9 Leg 5 | . . 4 16 Hover 1 | . . 4 . Device 11 | . 12 11 12 Storage 11 | . 13 11 8 Processor 4 | . . 6 11 Energy Gun 15 | . 28 7 . Launcher 4 | . . 8 8 Impact Weapon 3 | . . 4 9 Peak Build Rating 26 | 6 19 24 26 Average Rating 17 | 4 13 20 23 On Entrance 12 | . 6 19 24 Avg Prop Armor Cover (%) 9 | . . 7 12 Naked Turns . | . . . . Heaviest Build 31 | 15 30 31 24 Greatest Support 60 | 20 40 60 43 Greatest Overweight (x) 4 | 4 . 1 2 Average Overweight (x) . | . . . . Largest Inventory Capacity 15 | 8 15 15 10 Average Capacity 10 | 7 10 13 9 Most Carried 9 | 4 9 9 5 Average Carried 5 | 2 7 6 3 Final Capacity 15 | 8 15 10 5 Final Carried 9 | 4 9 3 5 Class Distribution -------------------- 100% | Mutant Dominant Class ---------------- Mutant | -10/Materials Mutant | -9/Materials Mutant | -9/Mines Resources | -11 -10 -9 -9 ----------- Run | Yrd Mat Mat Min Matter Collected 338 | 156 110 49 23 Remotely . | . . . . Salvage Created 663 | 24 330 247 62 Parts 33 | 2 15 16 . Haulers Intercepted . | . . . . Recyclers Shooed 1 | . . 1 . Parts Field Recycled . | . . . . Retrieved Matter . | . . . . Parts Self-Destructed . | . . . . Prevented . | . . . . Parts Restored . | . . . . Kills | -11 -10 -9 -9 ------- Run | Yrd Mat Mat Min Combat Hostiles Destroyed 21 | . 5 8 8 Melee 1 | . . . 1 Guns 6 | . 3 3 . AOE 12 | . 2 3 7 Classes Destroyed 10 | 1 5 2 2 Tunneler 2 | 1 1 . . Recycler 2 | . 1 1 . Mechanic 1 | . . 1 . Operator 2 | . 1 1 . Watcher 2 | . 1 1 . Swarmer 5 | . . 5 . Grunt 6 | . 4 1 1 Duelist 1 | . . . 1 Sentry 3 | . 1 2 . Assembled 6 | . . . 6 Best Kill Streak 7 | 1 4 7 6 Combat Bots Only 6 | . 3 4 6 Max Kills in Single Turn 4 | 1 2 3 4 Gunslinging . | . . . . Exploded 4 | . 1 2 4 Melee 1 | . . . 1 Uniques/NPCs Destroyed . | . . . . Combat | -11 -10 -9 -9 -------- Run | Yrd Mat Mat Min Hostile Shots Fired 140 | . 20 78 42 Missed 41 | . 6 20 15 Hits 99 | . 14 58 27 Melee 4 | . . . 4 Projectile 95 | . 14 58 23 AOE 6 | . . . 6 Critical Strikes 4 | . 1 2 1 Damage Taken 1695 | . 172 892 631 Core 326 | . 25 122 179 Absorbed by Shields . | . . . . Ignored by Resistances 37 | . . 37 . Core Remaining (%) 100 | 100 100 . . Volleys Fired 56 | 2 23 20 11 Largest 2 | 2 2 2 1 Hottest 90 | 90 90 80 55 Shots Fired 90 | 4 46 27 13 Gun 75 | 4 46 17 8 Cannon . | . . . . Launcher 15 | . . 10 5 Special . | . . . . Kinetic 2 | . . . 2 Thermal 35 | 2 23 10 . Explosive 15 | . . 10 5 Electromagnetic 38 | 2 23 7 6 Robot Hit Streak 6 | 3 6 6 2 Robot Miss Streak 10 | . 2 10 5 Penetration Max . | . . . . Secondary Targets 1 | . 1 . . Max Gunslinging Chain 1 | . 1 . . Shots Hit Robots 54 | 3 24 16 11 Core Hits 40 | 1 15 13 11 Critical Kills . | . . . . Critical Parts Destroyed 2 | . . 2 . Critical Strikes 4 | . 1 2 1 Burn 1 | . 1 . . Smash 3 | . . 2 1 Melee Attacks 19 | . . 11 8 Impact 19 | . . 11 8 Slashing . | . . . . Piercing . | . . . . Sneak Attacks . | . . . . Combat Hostiles . | . . . . Follow-up Attacks . | . . . . Damage Inflicted 2124 | 38 448 866 772 Guns 458 | 38 317 78 25 Cannons . | . . . . Explosions 1322 | . 129 615 578 Melee 342 | . . 173 169 Ramming 2 | . 2 . . Kinetic 6 | . . . 6 Thermal 345 | 13 267 65 . Explosive 1193 | . . 615 578 Electromagnetic 236 | 25 179 13 19 Impact 342 | . . 173 169 Slashing . | . . . . Piercing . | . . . . Highest Corruption 12 | . . 12 12 Average Corruption 11 | . . 10 12 Corruption Purged . | . . . . Corruption Blocked . | . . . . Effects 14 | . . 4 10 Message Errors 4 | . . 1 3 Matter Fused 4 | . . 3 1 Heat Flow Errors 2 | . . . 2 Energy Discharges 2 | . . . 2 Data Loss (minor) 1 | . . . 1 Misdirections 1 | . . . 1 Overload Shots . | . . . . Overflow Damage 110 | . . 89 21 Projectiles . | . . . . Explosions 31 | . . 21 10 Melee 79 | . . 68 11 Knockbacks 1 | . . . 1 Impact 1 | . . . 1 Kinetic . | . . . . Secondary . | . . . . Self-Inflicted Damage 187 | . 18 135 34 Shots 8 | . 1 5 2 Rammed 1 | . 1 . . Targets Rammed 1 | . 1 . . Kicked . | . . . . Crushed . | . . . . Highest Temperature 338 | 30 264 338 214 Average Temperature 97 | 17 68 160 113 Received Heat Transfer 380 | . 96 264 20 Effects 1 | . . 1 . Energy Bleed 1 | . . 1 . Siege Activations . | . . . . Martial Activations . | . . . . Shielding Activations . | . . . . Robots Disrupted . | . . . . Combat Hostiles . | . . . . Robots Corrupted 2 | . . 2 . Combat Hostiles 2 | . . 2 . Parts Fried 1 | . . 1 . Impact Corruptions 4 | . . 3 1 Robots Melted . | . . . . Combat Hostiles . | . . . . Parts Melted 1 | . 1 . . Heat Transferred 903 | 37 681 185 . Parts Sabotaged . | . . . . Parts Stolen . | . . . . Parts Stripped . | . . . . Power Chain Reactions 2 | . 2 . . Alert | -11 -10 -9 -9 ------- Run | Yrd Mat Mat Min Maximum Alert Level 1 | . 1 1 . Low Security (%) 82 | 100 99 37 100 Level 1 17 | . . 62 . Level 2 . | . . . . Level 3 . | . . . . Level 4 . | . . . . Level 5 . | . . . . High Security . | . . . . Max Security . | . . . . Peak Influence 265 | 5 247 265 121 Initial 104 | . . 104 66 Average 79 | . 24 202 59 Influence Increases 832 | 5 413 327 87 Destroy 0b10 Robot/C 300 | . 100 160 40 Destroy 0b10 Robot/NC 45 | 5 20 20 . Destroy Leader 74 | . 22 42 10 Successful Hack 14 | . 12 2 . Disable Machine 90 | . 30 60 . Destroy Structure 87 | . 7 43 37 Miscellaneous 222 | . 222 . . Influence Decreases 832 | 5 166 403 258 Entered New Map 248 | . . 143 105 Time Decay 454 | 5 156 180 113 Lost Part 130 | . 10 80 40 Squads Dispatched 3 | . 2 . 1 Investigation 2 | . 1 . 1 Extermination . | . . . . Reinforcement 1 | . 1 . . Assault . | . . . . Garrison . | . . . . Intercept . | . . . . Searches Triggered . | . . . . Construction Impeded . | . . . . Haulers Reinforced . | . . . . Active Scanning Responses . | . . . . Cargo Convoy Interrupts . | . . . . Stealth | -11 -10 -9 -9 --------- Run | Yrd Mat Mat Min Distress Signals . | . . . . Communications Jammed . | . . . . Distress Signals . | . . . . Times Spotted 52 | . 12 16 24 Peak Tracking Total 12 | . 3 6 12 Tactical Retreats 1 | . . . 1 Traps | -11 -10 -9 -9 ------- Run | Yrd Mat Mat Min Traps Triggered 1 | . 1 . . Indirectly . | . . . . Trap Hack Attempts . | . . . . Triggered . | . . . . Disarmed . | . . . . Reprogrammed . | . . . . Reused . | . . . . Traps Extracted . | . . . . Installed . | . . . . Triggered . | . . . . Machines | -11 -10 -9 -9 ---------- Run | Yrd Mat Mat Min Machines Disabled 6 | . 2 4 . Max in Single Turn 1 | . 1 1 . Machines Repaired . | . . . . Machines Dismantled . | . . . . Machines Sabotaged . | . . . . Overloaded Fab Kills . | . . . . Hacking | -11 -10 -9 -9 --------- Run | Yrd Mat Mat Min Machines Accessed 8 | . 3 4 1 Terminals 5 | . 2 3 . Fabricators . | . . . . Repair Stations . | . . . . Recycling Units 1 | . 1 . . Scanalyzers 1 | . . 1 . Garrison Access . | . . . . Total Hacks 19 | . 10 8 1 Successful 11 | . 6 4 1 Failed 8 | . 4 4 . Catastrophic . | . . . . Database Lockouts . | . . . . Manual 12 | . 10 2 . Terminals 11 | . 6 5 . Fabricators . | . . . . Repair Stations . | . . . . Recycling Units 4 | . 4 . . Scanalyzers 3 | . . 3 . Garrison Access . | . . . . Terminal Hacks 6 | . 3 2 1 Record 1 | . . 1 . Robot Analysis 2 | . 2 . . Open Door 1 | . . . 1 Hauler Manifests 1 | . . 1 . Zone Layout 1 | . 1 . . Fabricator Hacks . | . . . . Repair Station Hacks . | . . . . Recycling Unit Hacks . | . . . . Scanalyzer 2 | . . 2 . Retrieve Study 2 | . . 2 . Garrison Access Hacks . | . . . . Unauthorized Hacks 3 | . 3 . . Terminals . | . . . . Fabricators . | . . . . Repair Stations . | . . . . Recycling Units 3 | . 3 . . Monitor 1 | . 1 . . Reject 1 | . 1 . . Recyclers 1 | . 1 . . Scanalyzers . | . . . . Garrison Access . | . . . . Data Cores Recovered 1 | . . 1 . Used . | . . . . Hacking Detections 5 | . 2 3 . Full Trace Events . | . . . . Feedback Events . | . . . . Feedback Blocked . | . . . . Robot Schematics Acquired . | . . . . Robots Built . | . . . . Authchips . | . . . . Time . | . . . . Total Robot Build Rating . | . . . . Part Schematics Acquired . | . . . . Parts Built . | . . . . Authchips . | . . . . Time . | . . . . Total Part Build Rating . | . . . . Part Studies Acquired 2 | . . 2 . Parts Repaired . | . . . . Time . | . . . . Parts Recycled . | . . . . Recycled Matter . | . . . . Retrieved Matter . | . . . . Retrieved Components . | . . . . Parts Scanalyzed . | . . . . Part Schematics Acquired . | . . . . Parts Damaged . | . . . . Bothacking | -11 -10 -9 -9 ------------ Run | Yrd Mat Mat Min Used RIF Installer . | . . . . Robots Hacked . | . . . . Non-combat . | . . . . Combat . | . . . . Robot Hacks Applied . | . . . . Relay Couplers Released . | . . . . Fabnet Peak Effective % . | . . . . Robots Rewired . | . . . . Allies Hacked . | . . . . Hacks Repelled . | . . . . Allies | -11 -10 -9 -9 -------- Run | Yrd Mat Mat Min Total Allies . | . . . . Largest Group . | . . . . Highest-Rated Group . | . . . . Highest-Rated Ally . | . . . . Total Orders . | . . . . Ally Attacks . | . . . . Total Damage . | . . . . Kills . | . . . . Allies Corrupted . | . . . . Allies Melted . | . . . . X0-1V1 Amusement Gains 52 | . 5 7 40 Good Acts 4 | . 2 2 . Bad Acts 18 | . 5 8 5 Intel | -11 -10 -9 -9 ------- Run | Yrd Mat Mat Min Active Infowar (turns) 205 | 16 189 . . Seismic 205 | 16 189 . . Robot Analysis Total 2 | . 2 . . Derelict Logs Recovered 1 | . . . 1 Drone Launches . | . . . . Drone Recoveries . | . . . . Exploration | -11 -10 -9 -9 ------------- Run | Yrd Mat Mat Min Turns Passed 1339 | 90 595 366 288 Spaces Moved 719 | 45 321 171 182 Core 38 | 10 . . 28 Treads 485 | 35 321 123 6 Legs 154 | . . 48 106 Wheels . | . . . . Hover . | . . . . Flight 42 | . . . 42 Fastest Speed 40 | 50 160 105 40 Average Speed 151 | 161 160 157 126 Slowest Speed 250 | 250 160 240 240 Overloaded Moves . | . . . . Propulsion Burnouts . | . . . . Robots Hopped . | . . . . Potential Cave-ins . | . . . . Cave-ins Triggered . | . . . . Exploration Rate (%) 31 | 5 53 22 47 Regions Visited 3 Branch Regions 1 Pre-discovered Areas . | . . . . Known Exits Taken 1 | . . 1 . Unknown Exits Taken 2 | 1 1 . . Scrap Searched . | . . . . Spaces Dug . | . . . . Terrain Destroyed 92 | . 5 41 46 Melee . | . . . . Projectile . | . . . . AOE 92 | . 5 41 46 Terrain Rammed . | . . . . Walls Destroyed . | . . . . Machines Disabled . | . . . . Actions | -11 -10 -9 -9 --------- Run | Yrd Mat Mat Min Total 844 | 56 355 218 215 Wait 1 | . 1 . . Move 716 | 44 320 170 182 Hop . | . . . . Pick Up 10 | 4 5 . 1 Fast Attach 19 | 6 2 6 5 Attach 8 | . 1 6 1 Detach 4 | . . . 4 Swap 5 | . 1 3 1 Drop 5 | . 1 2 2 Fire 56 | 2 23 20 11 Melee 19 | . . 11 8 Ram . | . . . . Kick . | . . . . Crush 1 | . 1 . . Escape Stasis . | . . . . Rewire . | . . . . Trap . | . . . . Miscellaneous . | . . . . Route ------- -11/Scrapyard -10/Materials -9/Materials -9/Mines History --------- Turn | Location | Event 32 | -11/Scrapyard | Discovered new exit (range 13) 91 | -11/Scrapyard | Entered Materials 317 | -10/Materials | Build established: Mutant 356 | -10/Materials | Prayed at D.C.S.S. Altar Unit 505 | -10/Materials | Energy generation permanently improved by X0-1V1 (+10; -100 max core) 591 | -10/Materials | Derelicts attacked the area 662 | -10/Materials | Discovered new exit (range 7) 681 | -10/Materials | X0-1V1 added 0b10 threat records associated with you (considerable) 686 | -10/Materials | Entered another Materials area 686 | -9/Materials | Evolved 2 slots: Propulsion x1, Utility x1 726 | -9/Materials | X0-1V1 announced a LAN party 937 | -9/Materials | System corruption reached 10% 994 | -9/Materials | Discovered new exit (range 14) 1003 | -9/Materials | Lost 7 parts (1p4n2w) 1050 | -9/Materials | Identified exit to Mines 1052 | -9/Materials | Entered Mines 1061 | -9/Mines | Core integrity fell below 50% 1173 | -9/Mines | Learned location of 1 exit from Materials 1214 | -9/Mines | YI-UF0 nonchalantly dropped a Grenade Launcher on the ground 1254 | -9/Mines | Assembled infested the area 1278 | -9/Mines | Core integrity fell below 20% 1298 | -9/Mines | Met a Derelict shopkeep closing up shop 1314 | -9/Mines | Lost 4 parts (4n) 1340 | -9/Mines | Destroyed by S-10 Pest with Light Assault Rifle Last Messages --------------- into these parts and I'm closing up shop. No more sales from me!" 01298_ X0-1V1: "Use it or lose it, I always say." 01298_ Mace fused. 01300_ ALERT: Derelict activity detected in mines. Dispatching investigation squad. 01300_ Acquired Flak Gun. 01302_ EI-00P(g): "Well, take what you want I guess, I've had enough of this place!" 01303_ Acquired Xenon Bombardment Thruster. 01304_ Dropped Rnf. Ion Engine. 01307_ Acquired Coolant Injector. 01309_ Discarded Mace. 01313_ X0-1V1: "I had everything to do with that." 01319_ Acquired Arc Projector. 01324_ System corrupted: Heat flow error (+266). 01327_ Acquired 6 matter. 01340_ X0-1V1 snickers! Map ----- +----------------------------------------------------+ | ????????????# ###???????????? | | ???????????? #???????????? | | ???????????? ##??????????? | | ????????????? % ! ##?????????? | | ?????????????? % !% ##????????? | | ??????????????% ##???????? | | ?????????????????# ##???#### | | ????????????????# ## ##### # | | ????????????????# ??## ] # | | ????????????????## ???# # # | | ?????????????????##????# # | | ??????????????????????## # # ] | | ?????????????????????## #### | | ??????????????????#### ##### | | ?????????????????## ### | | ?????????????????# ! #?# ## | | ?????????????????# #??# ##### | | ?????????????????## ##???## ##### | | ??????????????????# #######?????# | | ??????????????????## #???????????# ##### | | ???????????????????## # #???????????## ##???# | | ????????????????????##### #????????????####????# | | ????????????????????????# #????????###?????????# | | ????????????????????????# #######?## #????????# | | ????????????????????????# ##""""### ##??????# | | ???????????????????# ####@ #" *! "#?# ##????## | | ???????????????????# s #" !"#??# #???## | | ???????????????????###### ## ##??# ##### | | ????????????????????????# ## ###???# | | ???????????????????????## X ###??# | | ???????????????????????# #??# # | | ???????????????????????# #??# ## | | ???????????????????????## ###??# # #? | | ????????????????????????#### ##????# ## ##? | | ???????????????????????????# #?????# ######?? | | ???????????????????????????# #?????# ??????? | | ???????????????????????????# #????# ##??????? | | ???????????????????????????# #????##????????? | | ???????????????????????????# ##??????????????? | | ???????????????????????????## ###???????????????? | | ????????????????????????????####?????????????????? | | ?????????????????????????????????????????????????? | | ?????????????????????????????????????????????????? | | ?????????????????????????????????????????????????? | | ?????????????????????????????????????????????????? | | | | | | | | | | | +----------------------------------------------------+ Best States ------------- Heat Dissipation 28 Coolant Potential 65 Energy Generation 22 Energy Capacity 265 Matter Stores 290 Matter Capacity 300 Sight Range 16 Terrain Scan Density 10 Resistance: KI 29 Evasion (%) 62 Recoil Reduction 3 Item Schematics ----------------- None Robot Schematics ------------------ None Fabricated ------------ Nothing Repaired ---------- Nothing Studied --------- Aluminum Leg | -9/Materials | Hacked Grenade Launcher | -9/Materials | Hacked Alien Tech Used ----------------- None Achievements -------------- None Challenges ------------ None Game ------ Seed PhasingRefineryWyrmscale Manual? 0 Play Time 00:16:03 Cumulative 68.5 hours Start 2026.07.09 @ 16:32:44 End 2026.07.09 @ 16:48:52 Sessions 1 Manual Loads 0 Difficulty Rogue Special Mode None Game No. 78 Rogue 62 Adventurer 16 Explorer 0 Win Type - Total 1 Types 1/0/0/0/0/0/0/0/0/0 Lore% 52 Gallery% 49 Achievement% 35 Wizard Run 0 Options --------- Layout 1 ASCII 0 Keyboard 1 Movement Vi Keybinds 0 Fullscreen 1 Font 24/Tamsyn Map View 50x35 Zoom Use 0% Tactical HUD 1 Map Filters NONE Filters NONE Steam 1 RUN: b1aa3d9c-c772-401a-b218-a0dd30b0cc15